 Dungeon Crawl Stone Soup version 0.28-a0-697-g47f3eba078 (webtiles) character file.

Game seed: 6428646629566690687

331 cheechan the Bolt Thrower (level 6, -2/55 HPs)
             Began as a Naga Hunter on Oct 23, 2021.
             Killed by divine providence
             ... invoked by an orc priest
              (10 damage)
             ... on level 5 of the Dungeon.
             The game lasted 00:17:43 (4341 turns).

cheechan the Bolt Thrower (Naga Hunter)             Turns: 4341, Time: 00:17:43

Health: -2/55      AC:  8    Str: 17    XL:     6   Next: 52%
Magic:  6/6        EV:  9    Int: 11    God:
Gold:   120        SH:  0    Dex: 11    Spells: 5/5 levels left

rFire   + . .      SeeInvis +   m - +2 hand axe (vorpal)
rCold   . . .      Faith    .   (no shield)
rNeg    . . .      Spirit   .   r - +1 leather armour {rF+}
rPois   +          Reflect  .   (no helmet)
rElec   .          Harm     .   (no cloak)
rCorr   .          Rampage  .   (no gloves)
Will    .....                   (no barding)
Stlth   ++........              (no amulet)
HPRegen 0.18/turn               s - +4 ring of protection
MPRegen 0.10/turn               (no ring)

@: very slow
A: AC +2, large, see invisible, deformed body, poison resistance, slowness 2,
spit poison 1, naga tail 1
a: Spit Poison


You were on level 5 of the Dungeon.
You visited 1 branch of the dungeon, and saw 5 of its levels.

You collected 120 gold pieces.

Inventory:

Hand Weapons
 a - a +1 hand crossbow
 g - a +2 spectral quarterstaff
 m - a +2 vorpal hand axe (weapon)
 n - a +0 hunting sling
Missiles
 e - 56 sling bullets
 h - 13 arrows
 i - 100 stones (quivered)
 j - 6 boomerangs
Armour
 c - a +1 leather armour
 r - a +1 leather armour of fire resistance (worn)
Jewellery
 s - a +4 ring of protection (left hand)
Wands
 p - a wand of mindburst (17)
Scrolls
 l - a scroll of teleportation
 o - a scroll of enchant armour
Potions
 b - a potion of curing
 f - a potion of heal wounds
 k - 3 potions of haste
 q - 2 potions of brilliance {unknown}


   Skills:
 + Level 2.9 Fighting
 + Level 0.2 Axes
 + Level 0.4 Slings
 + Level 5.5 Crossbows
 + Level 1.8 Armour
 + Level 2.4 Dodging
 + Level 2.2 Stealth


You had 5 spell levels left.
You didn't know any spells.
Your spell library contained the following spells:

 Spells                   Type           Power      Damage    Failure   Level
 Sublimation of Blood     Necr           0%         N/A       54%         2
 Petrify                  Tmut/Erth      0%         N/A       99%         4
 Irradiate                Conj/Tmut      0%         3d14      100%        5


Dungeon Overview and Level Annotations

Branches:
Dungeon (5/15)
 Temple: D:4-7

Altars:
Fedhas
Hepliaklqana
Trog
Wu Jian
Xom
Zin
The Shining One

Shops:
D:2 [


Innate Abilities, Weirdness & Mutations

Your serpentine skin is tough. (AC +2)
You have supernaturally acute eyesight. (SInv)
Armour fits poorly on your strangely shaped body.
Your system is resistant to poisons. (rPois)
You cover ground very slowly.
You can spit poison.
You have a snake-like lower body.


Message History

The orc priest is moderately wounded.
You hit the orc. You closely miss the orc. The orc hits you with a +0 mace.
The orc priest calls down the wrath of Beogh upon you.
Pain shoots through your body! The orc hits you with a +0 dagger.
The orc closely misses you. The orc priest hits you with a +0 club.
You hit the orc priest but do no damage.
The orc priest is moderately wounded.
Your leather armour prevents you from hitting the orc.
You hit the orc.
You kill the orc!
The orc barely misses you.
The orc priest mumbles some strange prayers to Beogh against you.
You struggle to resist.
You closely miss the orc priest.
The orc priest is moderately wounded.
You hit the orc.
You kill the orc!
The orc priest barely misses you.
You hit the orc priest but do no damage.
The orc priest is moderately wounded.
The orc priest barely misses you.
The orc priest invokes the aid of Beogh against you.
Beogh smites you!
* * * LOW HITPOINT WARNING * * *
You closely miss the orc priest.
The orc priest is moderately wounded.
The orc priest hits you with a +0 club.
* * * LOW HITPOINT WARNING * * *
You closely miss the orc priest.
The orc priest is moderately wounded.
The orc priest closely misses you.
You hit the orc priest.
The orc priest is heavily wounded.
The orc priest hits you but does no damage.
You hit the orc priest but do no damage.
The orc priest is heavily wounded.
The orc priest hits you but does no damage.
The orc priest invokes the aid of Beogh against you.
Beogh smites you!
You die...

#.........
.####......... . _..
........ .. ..#
#...... ...
##.###....#
....##...#.....#
....(....##.<.# #
[.....o)..#...# #..
.....>)@).....##....
...##...............
#(..(..........#
..................#
..................#
###................
###..............
#....###..##...
#..#.## ..# .#.


You could see an orc priest.

Vanquished Creatures
  A scorpion (D:4)
  A hound (D:5)
  An orc priest (D:4)
  2 bullfrog skeletons (D:2)
  An iguana (D:4)
  4 adders
  A howler monkey skeleton (D:4)
  An adder skeleton (D:4)
  A worm (D:3)
  3 dart slugs
  10 orcs
  6 ball pythons
  5 bats
  9 endoplasms
  3 giant cockroaches
  3 goblins
  6 hobgoblins
  3 kobolds
  A quokka (D:4)
  4 frilled lizards (D:1)
  4 rats
70 creatures vanquished.

Notes
Turn   | Place    | Note
-------+----------+-------------------------------------------
     0 | D:1      | cheechan the Naga Hunter began the quest for the Orb.
     0 | D:1      | Reached XP level 1. HP: 19/19 MP: 1/1
    39 | D:1      | Reached XP level 2. HP: 24/26 MP: 2/2
   115 | D:1      | Reached skill level 4 in Crossbows
   518 | D:1      | Reached XP level 3. HP: 32/32 MP: 3/3
   891 | D:2      | Found a faded altar of an unknown god.
   913 | D:2      | Reached XP level 4. HP: 7/39 MP: 4/4
  1234 | D:2      | Found Udwip's Antique Armour Shop.
  1357 | D:2      | Found a bloodstained altar of Trog.
  1381 | D:2      | Reached skill level 1 in Armour
  1397 | D:2      | Reached skill level 5 in Crossbows
  1397 | D:2      | Reached XP level 5. HP: 46/46 MP: 5/5
  1900 | D:3      | Found a glowing golden altar of the Shining One.
  2159 | D:3      | Found a shimmering altar of Xom.
  2161 | D:3      | Found a hazy altar of Hepliaklqana.
  2162 | D:3      | Noticed a spectral ugly thing
  3648 | D:4      | Found a blossoming altar of Fedhas.
  3649 | D:4      | Found an ornate altar of the Wu Jian Council.
  3817 | D:4      | Reached XP level 6. HP: 23/55 MP: 6/6
  4312 | D:5      | Entered Level 5 of the Dungeon
  4327 | D:5      | Found a glowing silver altar of Zin.
  4341 | D:5      | Killed from afar by an orc priest

Illustrated notes

Levels and vault maps discovered:
D:1:      dpeg_arrival_oval, layout_basic
D:2:      layout_rooms, serial_shops, nicolae_shop_crystal, basic_altar,
          hellmonk_ecumenical_altar_blasted
D:3:      layout_basic, regret_index_temple_of_mockery,
          nicolae_tso_swordbearing_angel
D:4:      layout_cave_pools, minitemple
D:5:      layout_cave_pools, overflow_temple_1_default, temple_fountains,
          gup_sewer_entry_bowl

Skill      XL: |  1  2  3  4 |
---------------+-------------+-----
Crossbows      | 4 5 |  5.5
Dodging        | 2 |  2.4
Armour         | 1 |  1.8
Stealth        | 2 |  2.2
Fighting       | |  2.9
Axes           | |  0.2
Slings         | |  0.4

Action                   |  1- 3 |  4- 6 || total
-------------------------+-------+-------++-------
Melee: Hand crossbow     |     9 |     5 ||    14
       Hand axe          |       |    25 ||    25
 Fire: Hand crossbow     |    66 |    78 ||   144
       Hunting sling     |       |     1 ||     1
 Abil: Spit Poison       |     8 |    12 ||    20
  Use: Scroll            |     2 |     5 ||     7
Armor: Leather armour    |    28 |    20 ||    48
Dodge: Dodged            |    24 |    36 ||    60

Table legend: (Time is in decaauts)
 A = Elapsed time spent in this place.
 B = Non-inter-level travel time spent in this place.
 C = Inter-level travel time spent in this place.
 D = Time resting spent in this place.
 E = Time spent auto-exploring this place.
 F = Levels seen in this place.
 G = Mean time per level.
                   A        B        C        D        E       F      G
               +--------+--------+--------+--------+--------+-----+--------+
         Total |   5520 |   5520 |      0 |   1132 |      0 |   5 | 1104.0 |
       Dungeon |   5520 |   5520 |      0 |   1132 |      0 |   5 | 1104.0 |
               +--------+--------+--------+--------+--------+-----+--------+

Top non-repeatable levels by time:
     D:3: 1747 daAuts
     D:4: 1432 daAuts
     D:1: 1170 daAuts
     D:2: 1133 daAuts
     D:5: 36 daAuts
